 Dungeon Crawl Stone Soup version 0.18.1-6-gd335043 (webtiles) character file.

2400 deorigin the Basher (level 9, -13/59 HPs)
             Began as a Gargoyle Fighter on May 17, 2016.
             Was a Priest of Okawaru.
             Mangled by a spatial maelstrom (17 damage)
             ... on level 1 of the Abyss.
             The game lasted 00:14:01 (6305 turns).

deorigin the Basher (Gargoyle Fighter)              Turns: 6305, Time: 00:14:01

Health: -13/59     AC: 18    Str: 21    XL:     9   Next: 46%
Magic:  12/12      EV:  3    Int: 10    God:    Okawaru [***...]
Gold:   321        SH:  9    Dex: 12    Spells: 0 memorised, 8 levels left

rFire  . . .     SeeInvis .     A - +2 flail (crush)
rCold  . . .     Gourm    .     u - +0 plate armour
rNeg   + . .     Faith    .     c - +0 shield
rPois  ∞         Spirit   .     (no helmet)
rElec  +         Dismiss  .     p - +0 cloak
rCorr  .         Reflect  .     (no gloves)
SustAt .         Harm     .     (no boots)
MR     .....                    (no amulet)
Stlth  ..........               (no ring)
                                (no ring)

@: not resistant to hostile enchantments, extremely unstealthy
A: clever 1, negative energy resistance 1, electricity resistance, unbreathing,
petrification resistance, rot immunity, AC +5
a: Heroism, Renounce Religion


You were on level 1 of the Abyss.
You worshipped Okawaru.
Okawaru was most pleased with you.
You were not hungry.

You visited 1 branch of the dungeon, and saw 7 of its levels.
You visited the Abyss 1 time.

You collected 321 gold pieces.

Inventory:

Hand Weapons
 a - a +0 flail
 A - a +2 flail of crushing (weapon)
 B - a +0 blowgun
 E - a +1 dagger of venom
Missiles
 j - 8 curare-tipped needles
 x - 24 poisoned needles
 H - a throwing net (quivered)
 I - 6 silver tomahawks
Armour
 b - a +0 scale mail
 c - a +0 shield (worn)
 p - a +0 cloak (worn)
 u - a +0 plate armour (worn)
Wands
 y - a wand of confusion (20/48)
 C - a wand of confusion (24/48)
Scrolls
 e - 4 scrolls of remove curse
 h - a scroll of immolation {unknown}
 i - 4 scrolls of identify
 m - 2 scrolls of recharging {unknown}
 q - a scroll of random uselessness {unknown}
 v - 2 scrolls of enchant weapon {unknown}
 D - a scroll of brand weapon {unknown}
 J - a scroll of noise {unknown}
Potions
 k - a potion of cancellation
 s - 3 potions of curing
 t - a potion of might
 w - 3 potions of flight
 z - 2 potions of ambrosia
 F - a potion of agility
 G - a potion of haste
Comestibles
 d - 2 slices of pizza
 f - 4 bread rations
 g - 3 fruits
 l - 4 beef jerkies
 n - a meat ration
 o - a chunk of flesh


   Skills:
 + Level 8.1 Fighting
 + Level 9.7 Maces & Flails
 - Level 3.2 Armour
 - Level 3.2 Shields
 * Level 4.4 Invocations


You had 8 spell levels left.
You didn't know any spells.

Dungeon Overview and Level Annotations

Branches:
Dungeon (7/15)             Temple (0/1) D:6

Altars:
Kikubaaqudgha
Okawaru

Shops:
D:4 [   D:6 =


Innate Abilities, Weirdness & Mutations

You are resistant to torment.
Your stone body is resilient (AC +5).
You are immune to poison.
You resist negative energy.
You are resistant to electric shocks.
You can survive without breathing.
You are immune to petrification.
You are immune to rotting.
Your mind is acute. (Int +2)


Message History

2 spatial vortices come into view.
Your shield and plate armour prevent you from hitting the vampire mage.
You block the vampire mage's attack. The vampire mage bites you.
The spatial maelstrom hits you.
You wobble for a moment.
The spatial maelstrom hits you but does no damage.
You hit the vampire mage.
The vampire mage is lightly damaged.
The vampire mage mumbles some strange words.
The vampire mage flickers and vanishes!
Deactivating autopickup; reactivate with Ctrl-A.
The spatial maelstrom hits you but does no damage. x2
Something hits you. Something bites you but does no damage.
The spatial maelstrom hits you but does no damage.
The spatial maelstrom hits you! Space warps horribly around you!
* * * LOW HITPOINT WARNING * * *
You block the spatial maelstrom's attack.
The spatial maelstrom hits you!
* * * LOW HITPOINT WARNING * * *
Space warps horribly around you!
You die...

#########
........#
##......# .
##......#
.#.#....#
......## #..
#...#### #.
##.#...###.##.
#...##v@'.# #
#..###v..###.###
..v#. #.########
#. #..#.. .##..
## #v #...##.##.
. #....##.#.8.
#. ###. .. .# #
. ....... ## #..
##..#


You could see a spatial maelstrom and a spatial vortex (wandering).

Vanquished Creatures
  Grinder (D:4)
  A hippogriff (D:7)
  Duvessa (D:7)
  The ghost of pedritolo the Sneak, an amateur SpEn (D:3)
  An orc warrior (D:6)
  3 ogres
  2 centaurs
  A big kobold (D:7)
  3 giant frogs
  A gnoll sergeant (D:7)
  Dowan (D:7)
  A scorpion (D:6)
  A crimson imp (D:7)
  A giant frog skeleton (D:6)
  3 orc priests
  A centaur skeleton (D:5)
  Crazy Yiuf (D:3)
  4 iguanas
  Terence (D:3)
  Natasha (thrice) (D:3 D:6)
  4 orc wizards
  7 worker ants
  11 gnolls
  3 adders
  A shadow imp (D:6)
  3 oozes
  2 adder skeletons
  4 giant geckos
  18 orcs
  3 ball pythons
  2 bat zombies (D:4)
  7 hobgoblins
  11 jackals
  10 kobolds
  3 quokkas
  11 bats
  3 giant newts
  4 goblins (D:3)
  A jackal skeleton (D:5)
  A jackal zombie (D:5)
  7 rats
  3 rat zombies (D:4)
151 creatures vanquished.

Notes
Turn   | Place    | Note
--------------------------------------------------------------
     0 | D:1      | deorigin the Gargoyle Fighter began the quest for the Orb.
     0 | D:1      | Reached XP level 1. HP: 14/14 MP: 1/1
   309 | D:1      | Reached XP level 2. HP: 19/19 MP: 2/2
   629 | D:2      | Reached XP level 3. HP: 24/24 MP: 3/3
   649 | D:2      | Reached skill level 3 in Maces & Flails
  1059 | D:2      | Reached XP level 4. HP: 29/29 MP: 4/4
  1580 | D:3      | Noticed Natasha
  1590 | D:3      | Killed Natasha
  1590 | D:3      | Reached skill level 4 in Maces & Flails
  1759 | D:3      | Noticed Crazy Yiuf
  1768 | D:3      | Killed Crazy Yiuf
  1768 | D:3      | Reached XP level 5. HP: 20/34 MP: 5/5
  1860 | D:3      | Noticed Natasha
  1876 | D:3      | Killed Natasha
  1964 | D:3      | Noticed Terence
  1969 | D:3      | Killed Terence
  2007 | D:3      | Found an iron altar of Okawaru.
  2057 | D:3      | Became a worshipper of Warmaster Okawaru
  2270 | D:3      | Reached skill level 5 in Maces & Flails
  2281 | D:3      | Reached XP level 6. HP: 29/39 MP: 6/6
  2486 | D:3      | Noticed pedritolo's ghost (amateur SpEn)
  2515 | D:3      | Killed pedritolo's ghost
  2515 | D:3      | Reached skill level 5 in Fighting
  2515 | D:3      | Reached skill level 6 in Maces & Flails
  2531 | D:3      | Reached XP level 7. HP: 14/44 MP: 7/7
  2964 | D:4      | Noticed Grinder
  2987 | D:4      | Killed Grinder
  2987 | D:4      | Reached * piety under Okawaru
  2987 | D:4      | Reached skill level 7 in Maces & Flails
  3286 | D:4      | Found Hatih's Antique Armour Boutique.
  3430 | D:4      | Reached skill level 1 in Invocations
  3430 | D:4      | Reached XP level 8. HP: 25/51 MP: 8/8
  3903 | D:4      | Found an ancient bone altar of Kikubaaqudgha.
  3944 | D:5      | Entered Level 5 of the Dungeon
  4327 | D:5      | Reached ** piety under Okawaru
  4327 | D:5      | Reached skill level 8 in Maces & Flails
  4654 | D:5      | Gained mutation: Your mind is acute. (Int +2) [potion of beneficial mutation]
  4949 | D:6      | Noticed Natasha
  4958 | D:6      | Killed Natasha
  5040 | D:6      | Reached XP level 9. HP: 23/57 MP: 11/11
  5044 | D:6      | Reached skill level 9 in Maces & Flails
  5246 | D:6      | Found a staircase to the Ecumenical Temple.
  5591 | D:6      | Found Kygg's Jewellery Shop.
  5909 | D:7      | Noticed Duvessa
  5910 | D:7      | Noticed Dowan
  5947 | D:7      | Killed Duvessa
  5959 | D:7      | Killed Dowan
  6160 | D:7      | Reached *** piety under Okawaru
  6163 | D:7      | Cast into level 1 of the Abyss (orc wizard)
  6163 | Abyss:1  | Found a corrupted altar of Lugonu.
  6242 | Abyss:1  | Noticed a starcursed mass
  6290 | Abyss:1  | Noticed a spatial maelstrom
  6292 | Abyss:1  | Noticed a vampire mage
  6305 | Abyss:1  | Mangled by a spatial maelstrom

Skill      XL: |  1  2  3  4  5  6  7  8  9 |
---------------+----------------------------+-----
Maces & Flails | 3 4 5 6 7 8 9 |  9.7
Fighting       | 4 5 6 7 8 |  8.1
Invocations    | 1 3 4 |  4.4
Armour         | |  3.2
Shields        | |  3.2

Action                   |  1- 3 |  4- 6 |  7- 9 || total
-------------------------+-------+-------+-------++-------
Melee: Flail             |   128 |   185 |   284 ||   597
 Fire: Blowgun           |       |       |     5 ||     5
  Use: Potion            |       |     1 |     1 ||     2
       Scroll            |       |       |    11 ||    11
  Eat: Chunk             |     1 |     4 |    13 ||    18
Armor: Scale mail        |    89 |     4 |       ||    93
       Plate armour      |       |   184 |   215 ||   399
Dodge: Dodged            |    43 |    29 |    31 ||   103
Block: Shield            |    67 |   111 |   167 ||   345
